 Dungeon Sprint DCSS version 0.31-a0-716-gc7603755dd (webtiles) character file.

Game seed: 7207290998059931610

44855 rocky1 the Djinni Blade (level 14, -7/121 HPs)
             Began as a Djinni Fighter on Sept 11, 2023.
             Was an Initiate of Gozag.
             Hit by a large rock thrown by a stone giant (43 damage)
             ... in the Dungeon (Sprint IX: "|||||||||||||||||||||||||||||").
             The game lasted 00:17:44 (6230 turns).

rocky1 the Djinni Blade (Djinni Fighter)            Turns: 6230, Time: 00:17:44

Health: -7/121     AC: 30    Str: 18    XL:     14   Next: 68%
Gold:   2189       EV: 14    Int: 10    God:    Gozag SH: 11 Dex: 21

rFire   + + +        v - +9 scimitar (heavy)
rCold   + . .        B - +3 warlock's mirror {omnireflect}
rNeg    . . .        h - +2 chain mail {rF+}
rPois   ∞            D - +1 helmet
rElec   +            j - +2 cloak {Stlth+}
rCorr   +            t - +2 pair of gloves {Dex+3}
SInv    .            (boots unavailable)
Will    +....        u - amulet "Naow" {Faith rF+ rC+ Str+3} Stlth
                     n - +2 ring of protection
HPRegen 0.40/turn    m - +2 ring of protection
MPRegen 0.00/turn

%: no teleportation, reflection, faith, infuse magic (-8 HP)
@: resistant, gold aura, flying
A: sickness immunity, fire resistance 2, cold vulnerability 1, float, innate
caster, HP casting, extra vitality 1
a: Renounce Religion, Potion Petition, Call Merchant, Bribe Branch


You were in the Dungeon.
You worshipped Gozag.
Gozag was most pleased with you.
You visited 1 branch You collected 14546 gold pieces.
You spent 4669 gold pieces at shops.
You paid 7688 gold pieces to Gozag.

Inventory:

Hand Weapons
 b - a +4 scimitar of flaming
 c - the +3 quick blade "Teotoc" {heavy, Str+3 Dex+4}
   (You found it in the Dungeon)

   Str+3:     It affects your strength (+3).
   Dex+4:     It affects your dexterity (+4).
 d - the +10 long sword of the Sneaky Violins {elec, rElec rN+ Int+2}
   (You bought it in a shop in the Dungeon)

   Int+2:     It affects your intelligence (+2).
   rElec:     It insulates you from electricity.
   rN+:       It protects you from negative energy.
 k - a +3 quick blade
 v - a +9 heavy scimitar (weapon)
Missiles
 f - 6 poisoned darts
Armour
 h - a +2 chain mail of fire resistance (worn)
 j - a +2 cloak of stealth (worn)
 t - a +2 pair of gloves of dexterity (worn)
 B - the +3 warlock's mirror (worn) {omnireflect}
   (You found it in the Dungeon)

   Omnireflect: It can block and reflect piercing ranged attacks and magical
   attacks against the wielder's willpower.
 D - a +1 helmet (worn)
Jewellery
 m - a +2 ring of protection (right hand)
 n - a +2 ring of protection (left hand)
 u - the amulet "Naow" (around neck) {Faith rF+ rC+ Str+3}
   (You bought it in a shop in the Dungeon)

   [amulet of faith]

   Faith:     It allows you to gain divine favour quickly.
   Str+3:     It affects your strength (+3).
   rF+:       It protects you from fire.
   rC+:       It protects you from cold.
Scrolls
 i - a scroll of blinking
 r - 2 scrolls of enchant armour
 s - a scroll of fear
Potions
 e - 5 potions of curing
 g - a potion of invisibility
 l - 3 potions of ambrosia
 o - 3 potions of brilliance
 p - 5 potions of mutation
 q - a potion of enlightenment
 x - 4 potions of cancellation


   Skills:
 + Level 18.3 Fighting
 * Level 23.4 Long Blades
 + Level 16.4 Armour
 + Level 10.2 Dodging
 - Level 1.1 Stealth
 + Level 14.1 Shields
 + Level 4.1 Evocations


You knew the following spells:

 Your Spells              Type           Power      Damage    Failure   Level
a - Magic Dart            Conj           0%         1d3       89%         1
b - Lesser Beckoning      Tloc           0%         N/A       96%         2
c - Volatile Blastmotes   Fire/Tloc      0%         2d10      99%         3
d - Sigil of Binding      Hex            0%         N/A       99%         3
e - Fulminant Prism       Conj/Hex       0%         3d5       100%        4
f - Borgnjor's Vile Clut  Necr/Erth      0%         N/A       100%        5
Your spell library was empty.


Dungeon Overview and Level Annotations

Branches:
Dungeon (1/1)

Altars:
Cheibriados
Dithmenos
Elyvilon
Fedhas
Gozag
Hepliaklqana
Makhleb
Nemelex Xobeh
Okawaru
Qazlal
Ru
Trog
Uskayaw
Wu Jian
Xom
Yredelemnul
Zin
The Shining One
Jiyva
Lugonu

Shops:
D (=((((!![[


Innate Abilities, Weirdness & Mutations

You are immune to sickness and miasma.
You are immune to poison.
Your flesh is very heat resistant. (rF++)
You are vulnerable to cold. (rC-)
You float through the air rather than walking.
You learn spells naturally, not from books.
Your magical power is your life essence.
You have superior vitality. (+4 MHP)


Message History

The ice dragon bites you! You block the ice dragon's attack.
The ice dragon tramples you but does no damage.
Items here: $ )) [[.
You hit the ice dragon.
The ice dragon is lightly wounded.
You slash the ice dragon!
The ice dragon is moderately wounded.
The ice dragon barely misses you. The ice dragon closely misses you.
The ice dragon misses you.
You slash the ice dragon!
The ice dragon is moderately wounded.
The ice dragon bites you. The ice dragon barely misses you.
The ice dragon completely misses you.
You closely miss the ice dragon.
The ice dragon is moderately wounded.
The spriggan air mage is no longer distracted by gold.
The spriggan air mage waves its arms in wide circles.
The air twists around and strikes you! The ice dragon bites you.
* * * LOW HITPOINT WARNING * * *
You block the ice dragon's attack.
The ice dragon tramples you but does no damage.
Unknown command.
You slice the ice dragon!!
The ice dragon is heavily wounded.
You chop the ice dragon into pieces!!!
You kill the ice dragon!
The rakshasa is no longer distracted by gold.
The rakshasa weaves an illusion.
You slash the fire giant!
The fire giant is lightly wounded.
Something hits you but does no damage. You block the fire giant's attack.
You slice the fire giant!!
The fire giant is heavily wounded.
You feel yourself slow down.
You open the fire giant like a pillowcase!!!
You kill the fire giant!
Something hits you but does no damage.
The stone giant throws a large rock.
The large rock hits you!!!
You die...
Your body crumbles into a pile of gold.

▓▓▓▓▓▓▓▓▓▓▓▓▓▓▓▓▓▓▓▓▓▓▓▓
..............${@$Ci.R..
▓▓▓▓▓▓▓▓▓▓▓▓▓▓▓▓▓▓▓▓▓▓▓▓▓▓▓▓▓▓▓▓▓
....................)............
▓▓▓▓▓▓▓▓▓▓▓▓▓▓▓▓▓▓▓▓▓▓▓▓▓▓▓▓▓▓▓▓▓
...........)')).......'.......∩)'
▓▓▓▓▓▓▓▓▓▓▓▓▓▓▓▓▓▓▓▓▓▓▓▓▓▓▓▓▓▓▓▓▓
.................................
▓▓▓▓▓▓▓▓▓▓▓▓▓▓▓▓▓▓▓▓▓▓▓▓▓▓▓▓▓▓▓▓▓
......'..==..))))).).[)[.[.[[....


You could see a stone giant, a rakshasa and a spriggan air mage (repels
missiles).

Vanquished Creatures
  Agnes (D)
  A tengu reaver (D)
  A fire giant (D)
  2 frost giants (D)
  3 very ugly things (D)
  A stone giant (D)
  A vampire knight (D)
  An eleionoma (D)
  A fire dragon (D)
  3 ettins (D)
  A shambling mangrove (D)
  Erolcha (D)
  2 entropy weavers (D)
  A hydra (D)
  A rakshasa (D)
  An ice dragon (D)
  2 ogre magi (D)
  A boulder beetle (D)
  A ghost crab (D)
  An anaconda (D)
  An alligator (D)
  Erica (D)
  A tengu warrior (D)
  5 death yaks (D)
  An orc high priest (D)
  A naga warrior (D)
  A salamander mystic (D)
  A pharaoh ant (D)
  2 orb spiders (D)
  A swamp dragon (D)
  2 harpies (D)
  11 orc knights (D)
  A wolf spider (D)
  An orc sorcerer (D)
  2 cyclopes (D)
  2 manticores (D)
  4 black mambas (D)
  Joseph (D)
  2 naga magi (D)
  A torpor snail (D)
  A cane toad (D)
  A rime drake (D)
  A komodo dragon (D)
  2 freezing wraiths (D)
  A tengu conjurer (D)
  2 polar bears (D)
  3 merfolk (D)
  2 blink frogs (D)
  A wind drake (D)
  A hornet (D)
  A jumping spider (D)
  4 yaks (D)
  A wraith (D)
  A water elemental (D)
  Eustachio (D)
  A redback (D)
  An acid dragon (D)
  4 water moccasins (D)
  13 orc warriors (D)
  A black bear (D)
  5 centaurs (D)
  4 bullfrogs (D)
  A gnoll sergeant (D)
  A hound (D)
  2 orc priests (D)
  5 orc wizards (D)
  An adder (D)
  An ufetubus (D)
  5 orcs (D)
  2 endoplasms (D)
  2 hobgoblins (D)
  A jackal (D)
  A kobold (D)
  A quokka simulacrum (D)
144 creatures vanquished.

Vanquished Creatures (others)
  A fire giant (D)
  2 hydras (D)
  2 hornets (D)
  2 spriggans (D)
  An acid dragon (D)
  A howler monkey (D)
9 creatures vanquished.

Grand Total: 153 creatures vanquished

Notes
Turn   | Place    | Note
-------+----------+-------------------------------------------
     0 | D        | rocky1 the Djinni Fighter began the quest for the Orb.
     0 | D        | Reached XP level 1. HP: 20/20 MP: 0/0
     5 | D        | Reached skill level 2 in Long Blades
    13 | D        | Reached XP level 2. HP: 25/25 MP: 0/0
   118 | D        | Noticed a centaur
   147 | D        | Reached skill level 3 in Long Blades
   154 | D        | Reached skill level 4 in Long Blades
   154 | D        | Reached skill level 1 in Dodging
   154 | D        | Reached XP level 3. HP: 23/31 MP: 0/0
   154 | D        | Learned a level 1 spell: Magic Dart
   154 | D        | Reached XP level 4. HP: 27/37 MP: 0/0
   161 | D        | Killed a centaur
   162 | D        | Reached skill level 6 in Long Blades
   162 | D        | Reached skill level 5 in Armour
   162 | D        | Reached XP level 5. HP: 22/42 MP: 0/0
   162 | D        | Learned a level 2 spell: Lesser Beckoning
   443 | D        | Found a snail-covered altar of Cheibriados.
   443 | D        | Found a shadowy altar of Dithmenos.
   443 | D        | Found a white marble altar of Elyvilon.
   443 | D        | Found a blossoming altar of Fedhas.
   443 | D        | Found an opulent altar of Gozag.
   444 | D        | Found a hazy altar of Hepliaklqana.
   445 | D        | Found a viscous altar of Jiyva.
   447 | D        | Found a corrupted altar of Lugonu.
   448 | D        | Found a burning altar of Makhleb.
   449 | D        | Found a sparkling altar of Nemelex Xobeh.
   450 | D        | Found an iron altar of Okawaru.
   451 | D        | Became a worshipper of Gozag Ym Sagoz the Greedy
   452 | D        | Found a stormy altar of Qazlal.
   453 | D        | Found a sacrificial altar of Ru.
   455 | D        | Found a bloodstained altar of Trog.
   456 | D        | Found a hide-covered altar of Uskayaw.
   458 | D        | Found an ornate altar of the Wu Jian Council.
   459 | D        | Found a shimmering altar of Xom.
   460 | D        | Found a basalt altar of Yredelemnul.
   461 | D        | Found a glowing silver altar of Zin.
   462 | D        | Found a glowing golden altar of the Shining One.
   502 | D        | Noticed an acid dragon
   502 | D        | Noticed a centaur
   502 | D        | Noticed a hornet
   502 | D        | Noticed a centaur
   502 | D        | Noticed a centaur
   504 | D        | Reached skill level 5 in Shields
   505 | D        | Killed an acid dragon
   506 | D        | Reached skill level 5 in Fighting
   506 | D        | Reached skill level 7 in Long Blades
   506 | D        | Reached XP level 6. HP: 38/49 MP: 0/0
   513 | D        | Killed a hornet
   514 | D        | Reached skill level 9 in Long Blades
   514 | D        | Reached XP level 7. HP: 35/55 MP: 0/0
   514 | D        | Learned a level 3 spell: Volatile Blastmotes
   517 | D        | Reached skill level 10 in Long Blades
   520 | D        | Reached skill level 1 in Stealth
   708 | D        | Noticed a boulder beetle
   708 | D        | Noticed an acid dragon
   708 | D        | Noticed a cyclops
   708 | D        | Noticed a wraith
   712 | D        | Reached skill level 11 in Long Blades
   712 | D        | Reached XP level 8. HP: 59/61 MP: 0/0
   722 | D        | Killed a cyclops
   723 | D        | Reached skill level 12 in Long Blades
   728 | D        | Killed a wraith
  1058 | D        | Found the +10 dark maul {heavy}
  1084 | D        | Noticed a polar bear
  1086 | D        | Noticed a rime drake
  1088 | D        | Reached XP level 9. HP: 57/67 MP: 0/0
  1088 | D        | Learned a level 3 spell: Sigil of Binding
  1088 | D        | Noticed a polar bear
  1093 | D        | Killed a polar bear
  1094 | D        | Reached skill level 13 in Long Blades
  1095 | D        | Noticed a cane toad
  1096 | D        | Reached skill level 1 in Evocations
  1110 | D        | Killed a rime drake
  1115 | D        | Killed a polar bear
  1116 | D        | Reached skill level 14 in Long Blades
  1120 | D        | Killed a cane toad
  1121 | D        | Reached skill level 10 in Armour
  1362 | D        | Killed a boulder beetle
  1363 | D        | Reached skill level 15 in Long Blades
  1363 | D        | Reached skill level 5 in Dodging
  1363 | D        | Reached XP level 10. HP: 42/76 MP: 0/0
  1502 | D        | Noticed a komodo dragon
  1502 | D        | Noticed an eight-headed hydra
  1508 | D        | Killed a komodo dragon
  1509 | D        | HP: 2/76 [seven-headed hydra (6)]
  1979 | D        | Killed a three-headed hydra
  1980 | D        | Reached skill level 16 in Long Blades
  2196 | D        | Noticed a death yak
  2196 | D        | Noticed a death yak
  2196 | D        | Noticed a death yak
  2196 | D        | Noticed a death yak
  2204 | D        | Noticed a death yak
  2207 | D        | Killed a death yak
  2208 | D        | Reached XP level 11. HP: 51/85 MP: 0/0
  2208 | D        | Learned a level 4 spell: Fulminant Prism
  2213 | D        | Killed a death yak
  2214 | D        | Reached skill level 10 in Fighting
  2214 | D        | Reached skill level 17 in Long Blades
  2219 | D        | Killed a death yak
  2229 | D        | Killed a death yak
  2236 | D        | Killed a death yak
  2438 | D        | Noticed Joseph
  2439 | D        | Noticed Eustachio
  2448 | D        | Killed Eustachio
  2458 | D        | Killed Joseph
  2459 | D        | Reached skill level 10 in Shields
  2483 | D        | Noticed Erica
  2508 | D        | HP: 4/87 [something/lance of force (20)]
  2525 | D        | Killed Erica
  2526 | D        | Reached skill level 18 in Long Blades
  2767 | D        | Noticed an ettin
  2780 | D        | Killed an ettin
  2996 | D        | Bought the amulet "Naow" {Faith rF+ rC+ Str+3} for 1009
                  | gold pieces
  3015 | D        | Noticed an orc knight
  3015 | D        | Noticed an orc high priest
  3017 | D        | Noticed an orc knight
  3027 | D        | Killed an orc knight
  3034 | D        | Reached XP level 12. HP: 39/95 MP: 0/0
  3052 | D        | Killed an orc high priest
  3087 | D        | Reached skill level 19 in Long Blades
  3212 | D        | Bought a +2 heavy scimitar for 307 gold pieces
  3212 | D        | Bought the +10 pair of quick blades "Gyre" and "Gimble"
                  | {protect} for 1200 gold pieces
  3212 | D        | Found the +10 pair of quick blades "Gyre" and "Gimble"
                  | {protect}
  3220 | D        | Found Sips's Weapon Emporium.
  3234 | D        | Found Tutuutwe's Antique Weapon Shoppe.
  3249 | D        | Found Jaanluc's Distillery.
  3253 | D        | Found Kiwuubiu's Armour Shoppe.
  3434 | D        | Bought 2 poisoned darts for 13 gold pieces
  3434 | D        | Bought 4 poisoned darts for 26 gold pieces
  3438 | D        | Bought 2 potions of invisibility for 208 gold pieces
  3438 | D        | Bought a potion of heal wounds for 65 gold pieces
  3438 | D        | Bought a potion of ambrosia for 104 gold pieces
  3438 | D        | Bought a potion of enlightenment for 65 gold pieces
  3438 | D        | Bought a potion of mutation for 104 gold pieces
  3438 | D        | Bought a potion of cancellation for 104 gold pieces
  3549 | D        | Found the +3 warlock's mirror {omnireflect}
  3618 | D        | Got the +3 quick blade "Teotoc" {heavy, Str+3 Dex+4}
  3667 | D        | Noticed an ogre mage
  3667 | D        | Noticed a fire dragon
  3667 | D        | Noticed an ogre mage
  3672 | D        | Noticed an ettin
  3675 | D        | Killed an ogre mage
  3675 | D        | Noticed a stone giant
  3676 | D        | Reached skill level 20 in Long Blades
  3684 | D        | Killed a fire dragon
  3692 | D        | Killed a stone giant
  3693 | D        | Reached XP level 13. HP: 94/106 MP: 0/0
  3693 | D        | Learned a level 5 spell: Borgnjor's Vile Clutch
  3693 | D        | Noticed a rakshasa
  3695 | D        | Killed an ogre mage
  3696 | D        | Noticed a vampire knight
  3698 | D        | Killed an ettin
  3699 | D        | Reached skill level 15 in Fighting
  3704 | D        | Killed a vampire knight
  3717 | D        | Killed a rakshasa
  3735 | D        | Noticed a brown very ugly thing
  3737 | D        | Noticed a fire giant
  3737 | D        | Noticed a frost giant
  3743 | D        | Killed a brown very ugly thing
  3744 | D        | Reached skill level 21 in Long Blades
  3752 | D        | Killed a fire giant
  3757 | D        | Killed a frost giant
  4376 | D        | Noticed an entropy weaver
  4529 | D        | Noticed an entropy weaver
  4537 | D        | Killed an entropy weaver
  4716 | D        | Killed an entropy weaver
  4822 | D        | Reached skill level 15 in Armour
  4993 | D        | Bought a dazzling long sword for 153 gold pieces
  4993 | D        | Identified the +10 long sword of the Sneaky Violins {elec,
                  | rElec rN+ Int+2} (You bought it in a shop in the Dungeon)
  4994 | D        | Noticed an anaconda
  5000 | D        | Reached skill level 22 in Long Blades
  5003 | D        | Reached XP level 14. HP: 110/119 MP: 0/0
  5470 | D        | Noticed an eleionoma
  5477 | D        | Killed an eleionoma
  5913 | D        | Bought a potion of cancellation for 128 gold pieces
  5913 | D        | Bought a potion of cancellation for 128 gold pieces
  5913 | D        | Bought a potion of cancellation for 128 gold pieces
  5913 | D        | Bought a potion of mutation for 128 gold pieces
  5913 | D        | Bought 2 potions of ambrosia for 256 gold pieces
  5913 | D        | Bought a potion of curing for 48 gold pieces
  5916 | D        | Bought a glowing chain mail for 165 gold pieces
  5916 | D        | Bought an embroidered cloak for 165 gold pieces
  5916 | D        | Bought a pair of runed gloves for 165 gold pieces
  5999 | D        | Noticed Agnes
  6017 | D        | Killed Agnes
  6124 | D        | Noticed Erolcha
  6131 | D        | Killed Erolcha
  6177 | D        | Noticed a green very ugly thing
  6177 | D        | Noticed a green very ugly thing
  6182 | D        | Noticed a tengu reaver
  6184 | D        | Noticed a frost giant
  6187 | D        | Killed a green very ugly thing
  6192 | D        | Killed a green very ugly thing
  6193 | D        | Reached skill level 23 in Long Blades
  6193 | D        | Noticed a fire giant
  6199 | D        | Reached skill level 10 in Dodging
  6206 | D        | Noticed a stone giant
  6214 | D        | Killed a tengu reaver
  6220 | D        | Killed a frost giant
  6230 | D        | Killed a fire giant
  6230 | D        | Hit by a large rock thrown by a stone giant

Illustrated notes

Levels and vault maps discovered:
D:        linesprint [early_d, line_temple, items_1, d_10, items_2, lair_1,
          lair_end, items_3, orc_1, orc_end, items_4, d_15, swamp_1, shoals_1,
          snake_1, spider_1, d_20, vaults_1, items_5, swamp_end, shoals_end,
          snake_end, spider_end, vaults_end, d_27, items_6, zot_1, zot_end,
          crypt_end, forest_end, elf_end, slime_end, tomb_end, abyss_end,
          pan_hell_end]

Skill      XL: |  1  2  3  4  5  6  7  8  9 10 11 12 13 14 |
---------------+-------------------------------------------+-----
Long Blades    | 2 4 6 7 9 11 12 15 16 18 20 22 23 | 23.4
Fighting       | 4 5 6 7 9 12 14 17 18 | 18.3
Armour         | 4 5 6 7 8 10 11 12 13 15 16 | 16.4
Dodging        | 1 2 3 4 5 6 7 8 10 | 10.2
Shields        | 4 5 6 7 8 9 10 11 12 14 | 14.1
Stealth        | 1 |  1.1
Evocations     | 1 2 3 4 |  4.1

Action                     |  1- 3 |  4- 6 |  7- 9 | 10-12 | 13-15 || total
---------------------------+-------+-------+-------+-------+-------++-------
  Melee: Long sword        |    42 |    12 |       |       |       ||    54
         Scimitar          |       |     8 |    69 |   283 |   233 ||   593
 Invoke: Call Merchant     |       |       |       |     3 |     3 ||     6
         Potion Petition   |       |       |       |     3 |     1 ||     4
  Evoke: Wand              |       |     1 |     3 |     6 |       ||    10
    Use: Potion            |     1 |       |       |    10 |     6 ||    17
         Scroll            |       |       |       |     9 |     4 ||    13
   Stab: Invisible         |       |     1 |     6 |    13 |     5 ||    25
         Distracted        |       |       |     2 |     1 |       ||     3
 Armour: Scale mail        |    35 |    21 |       |       |       ||    56
         Chain mail        |       |     7 |    43 |   117 |   202 ||   369
  Dodge: Dodged            |    21 |    18 |    22 |    59 |    94 ||   214
  Block: Buckler           |    11 |     9 |    16 |    51 |    91 ||   178
         Reflection        |       |       |       |       |     1 ||     1

Table legend: (Time is in decaauts)
 A = Elapsed time spent in this place.
 B = Non-inter-level travel time spent in this place.
 C = Inter-level travel time spent in this place.
 D = Time resting spent in this place.
 E = Time spent auto-exploring this place.
 F = Levels seen in this place.
 G = Mean time per level.
                   A        B        C        D        E       F      G
               +--------+--------+--------+--------+--------+-----+--------+
         Total |   6127 |   5877 |    250 |   3954 |      0 |   1 | 6127.0 |
       Dungeon |   6127 |   5877 |    250 |   3954 |      0 |   1 | 6127.0 |
               +--------+--------+--------+--------+--------+-----+--------+

Top non-repeatable levels by time:
       D: 6127 daAuts
